Map: Apotheosis LE

Players

KingTesla (Rob) - Winner!

  • Race: Protoss Protoss
  • League: Grandmaster

VampyWorm

  • Race: Protoss Protoss
  • League: Master

Event: Cheesadelphia Summer 2016

VOD

Have the link to the VOD?

Description

Time

  • Played on: July 23, 2016, 2:31 p.m.
  • Length: 12:39

All games in this series

Show
View Real Time Build Order
Export as new Build Order

KingTesla Protoss - Winner!

Build Orders: Oracle Opening 

Get SALT Encoding   

  12  0:02  Probe (Chrono Boost)  
  13  0:13  Probe (Chrono Boost)  
  14  0:17  Pylon  
  14  0:23  Probe (Chrono Boost)  
  15  0:35  Probe (Chrono Boost)  
  16  0:38  Gateway  
  16  0:45  Probe (Chrono Boost)  
  17  0:54  Assimilator  
  17  0:56  Assimilator  
  17  0:57  Probe (Chrono Boost)  
  18  1:07  Probe (Chrono Boost)  
  19  1:12  Gateway  
  19  1:18  Probe (Chrono Boost)  
  20  1:28  Probe (Chrono Boost), Cybernetics Core  
  21  1:39  Probe (Chrono Boost)  
  22  1:43  Pylon  
  22  1:49  Probe (Chrono Boost)  
  23  2:00  Stalker  
  23  2:04  Stalker  
  23  2:06  Warp Gate  
  27  2:19  Mothership Core (Chrono Boost)  
  29  2:23  Pylon  
  29  2:31  Pylon  
  29  2:51  Stargate  
  29  3:02  Nexus  
  29  3:05  Probe (Chrono Boost)  
  30  3:18  Probe (Chrono Boost), Stalker  
  31  3:25  Stalker  
  34  3:30  Oracle  
  34  3:39  Pylon  
  37  3:45  Probe (Chrono Boost)  
  39  4:06  Gateway  
  39  4:09  Robotics Facility  
  38  4:12  Stalker  
  38  4:14  Probe (Chrono Boost)  
  40  4:25  Probe x2 (Chrono Boost)  
  40  4:29  Stalker  
  43  4:35  Probe (Chrono Boost)  
  44  4:39  Pylon  
  44  4:48  Probe (Chrono Boost)  
  44  4:49  Stalker  
  44  4:50  Probe (Chrono Boost)  
  45  5:00  Probe (Chrono Boost), Immortal  
  45  5:02  Probe (Chrono Boost)  
  51  5:11  Probe (Chrono Boost)  
  51  5:13  Sentry  
  55  5:14  Probe (Chrono Boost)  
  55  5:15  Phoenix  
  57  5:23  Probe (Chrono Boost)  
  57  5:26  Probe (Chrono Boost)  
  59  5:34  Probe (Chrono Boost)  
  59  5:35  Pylon  
  60  5:37  Probe (Chrono Boost), Phoenix  
  60  5:41  Observer, Pylon  
  64  5:45  Probe (Chrono Boost)  
  64  5:49  Probe (Chrono Boost), Forge  
  66  5:54  Assimilator  
  66  5:56  Assimilator  
  66  5:58  Probe (Chrono Boost)  
  66  6:01  Phoenix  
  67  6:10  Pylon  
  67  6:11  Probe (Chrono Boost)  
  70  6:14  Immortal  
  70  6:16  Probe (Chrono Boost)  
  71  6:22  Protoss Ground Weapons Level 1  
  71  6:23  Probe (Chrono Boost)  
  76  6:38  Twilight Council  
  76  6:41  Nexus  
  76  6:45  Pylon  
  76  6:46  Probe (Chrono Boost)  
  77  6:50  Probe (Chrono Boost)  
  77  6:53  Immortal  
  78  6:58  Probe (Chrono Boost)  
  83  7:06  Probe (Chrono Boost)  
  84  7:10  Probe (Chrono Boost)  
  84  7:11  Gateway  
  84  7:12  Gateway  
  85  7:17  Probe (Chrono Boost)  
  85  7:21  Probe (Chrono Boost)  
  85  7:22  Stalker  
  89  7:24  Stalker  
  89  7:29  Probe (Chrono Boost)  
  92  7:31  Probe (Chrono Boost)  
  92  7:32  Stalker  
  95  7:38  Blink  
  95  7:47  Phoenix  
  95  7:48  Stalker x2  
  101  7:52  Probe (Chrono Boost)  
  101  7:53  Probe (Chrono Boost)  
  101  7:57  Probe (Chrono Boost)  
  102  8:01  Stalker  
  102  8:05  Probe (Chrono Boost), Robotics Facility  
  105  8:10  Assimilator  
  105  8:12  Assimilator  
  105  8:13  Pylon  
  105  8:18  Stalker  
  107  8:20  Protoss Ground Weapons Level 2  
  107  8:33  Robotics Bay  
  107  8:35  Stalker x3  
  113  8:41  Photon Cannon  
  113  8:42  Photon Cannon x2  
  113  9:04  Stalker x5  
  123  9:16  Gateway  
  123  9:17  Gateway x2  
  121  9:31  Disruptor  
  121  9:34  Fleet Beacon  
  124  9:40  Nexus  
  124  9:50  Pylon  
  124  9:51  Pylon, Disruptor  
  119  10:02  Disruptor  
  115  10:09  Stalker x4  
  115  10:10  Stalker  
  126  10:15  Probe (Chrono Boost)  
  126  10:16  Probe x2 (Chrono Boost)  
  126  10:17  Tempest  
  126  10:25  Disruptor  
  128  10:28  Probe (Chrono Boost)  
  128  10:32  Stalker  
  128  10:33  Stalker x2, Pylon, Disruptor  
  137  10:52  Probe x2 (Chrono Boost)  
  137  10:53  Probe (Chrono Boost)  
  137  10:56  Photon Cannon, Pylon, Tempest  
  137  10:57  Assimilator  
  140  10:59  Assimilator  
  140  11:04  Disruptor  
  144  11:08  Photon Cannon, Disruptor  
  152  11:19  Probe x2 (Chrono Boost)  
  150  11:34  Tempest  
  150  11:35  Probe x2 (Chrono Boost)  
  150  11:39  Disruptor  
  145  11:43  Disruptor  
  151  11:57  Nexus  
  151  11:59  Pylon  
  141  12:10  Stalker x6  
  141  12:11  Stalker  
Show
View Real Time Build Order
Export as new Build Order

VampyWorm Protoss 

Build Orders: Blink Stalkers 

Get SALT Encoding   

  12  0:00  Probe (Chrono Boost)  
  13  0:11  Probe (Chrono Boost)  
  14  0:19  Pylon  
  14  0:22  Probe (Chrono Boost)  
  15  0:38  Probe (Chrono Boost)  
  15  0:39  Gateway  
  16  0:43  Assimilator  
  16  0:48  Probe (Chrono Boost)  
  17  0:59  Assimilator  
  17  1:03  Gateway  
  17  1:07  Probe (Chrono Boost)  
  18  1:18  Probe (Chrono Boost)  
  19  1:28  Probe (Chrono Boost), Cybernetics Core  
  20  1:38  Pylon  
  20  1:42  Probe (Chrono Boost)  
  21  1:53  Probe (Chrono Boost)  
  22  2:03  Stalker  
  22  2:05  Stalker  
  26  2:11  Warp Gate  
  26  2:31  Stalker  
  26  2:35  Stalker  
  31  2:42  Pylon  
  30  2:47  Mothership Core (Chrono Boost)  
  31  2:55  Twilight Council  
  32  3:05  Probe (Chrono Boost)  
  32  3:14  Robotics Facility  
  32  3:18  Probe (Chrono Boost)  
  33  3:29  Blink  
  33  3:43  Probe (Chrono Boost)  
  34  3:57  Nexus  
  34  4:06  Probe (Chrono Boost)  
  35  4:11  Observer, Pylon  
  37  4:18  Probe (Chrono Boost)  
  37  4:24  Stalker  
  39  4:29  Observer  
  39  4:31  Probe (Chrono Boost)  
  40  4:33  Stalker  
  43  4:43  Probe (Chrono Boost)  
  42  4:55  Probe (Chrono Boost)  
  43  5:01  Stalker  
  43  5:02  Stalker  
  47  5:11  Probe (Chrono Boost), Immortal  
  48  5:20  Pylon  
  52  5:26  Probe (Chrono Boost)  
  54  5:28  Probe (Chrono Boost)  
  54  5:33  Sentry  
  54  5:34  Sentry  
  58  5:38  Probe (Chrono Boost)  
  58  5:41  Probe (Chrono Boost)  
  60  5:44  Pylon  
  60  5:49  Probe (Chrono Boost)  
  61  5:50  Immortal  
  66  5:59  Probe (Chrono Boost)  
  66  6:00  Probe (Chrono Boost)  
  67  6:05  Gateway  
  67  6:11  Probe x2 (Chrono Boost)  
  68  6:15  Assimilator  
  68  6:16  Sentry  
  71  6:20  Stalker  
  73  6:29  Immortal  
  73  6:34  Forge  
  77  6:50  Nexus  
  77  6:54  Pylon  
  77  6:56  Probe (Chrono Boost)  
  78  7:09  Pylon  
  78  7:12  Probe (Chrono Boost), Protoss Ground Weapons Level 1  
  78  7:14  Probe (Chrono Boost)  
  80  7:18  Photon Cannon  
  81  7:23  Probe (Chrono Boost)  
  81  7:26  Probe (Chrono Boost), Observer, Assimilator  
  83  7:33  Probe (Chrono Boost)  
  83  7:38  Probe (Chrono Boost)  
  83  7:42  Stalker  
  83  7:44  Probe (Chrono Boost)  
  83  7:50  Probe (Chrono Boost), Stalker  
  86  7:54  Probe (Chrono Boost)  
  86  7:57  Immortal  
  86  7:58  Stalker  
  89  8:02  Probe (Chrono Boost)  
  89  8:05  Probe x2 (Chrono Boost)  
  96  8:12  Stalker  
  99  8:14  Sentry  
  99  8:15  Probe (Chrono Boost)  
  101  8:23  Robotics Bay  
  99  8:28  Probe (Chrono Boost)  
  99  8:30  Probe x2 (Chrono Boost)  
  99  8:31  Immortal  
  102  8:39  Probe (Chrono Boost)  
  102  8:41  Assimilator  
  107  8:47  Probe (Chrono Boost)  
  108  8:49  Probe (Chrono Boost)  
  108  8:54  Pylon  
  108  8:55  Pylon  
  109  9:01  Probe (Chrono Boost)  
  109  9:07  Pylon  
  106  9:11  Probe (Chrono Boost)  
  105  9:18  Protoss Ground Weapons Level 2  
  105  9:21  Disruptor  
  105  9:24  Stalker x2  
  105  9:25  Stalker  
  114  9:32  Gateway  
  114  9:33  Gateway, Gravitic Drive  
  114  9:34  Probe (Chrono Boost)  
  114  9:36  Probe (Chrono Boost), Pylon  
  114  9:37  Probe (Chrono Boost)  
  116  9:48  Probe (Chrono Boost)  
  116  9:49  Stalker x3  
  116  9:50  Probe (Chrono Boost)  
  108  10:12  Disruptor  
  108  10:17  Stalker x3  
  118  10:21  Probe (Chrono Boost)  
  118  10:28  Probe x2 (Chrono Boost)  
  120  10:30  Assimilator  
  120  10:34  Stalker x2  
  124  10:38  Dark Shrine  
  124  10:39  Probe (Chrono Boost), Pylon, Nexus  
  124  10:40  Stalker x2  
  129  10:42  Pylon  
  129  10:44  Warp Prism  
  133  10:51  Probe x2 (Chrono Boost)  
  133  10:59  Stalker x3  
  139  11:06  Stalker  
  139  11:07  Stalker  
  143  11:16  Robotics Facility  
  144  11:19  Probe (Chrono Boost), Pylon  
  142  11:38  Stalker x2, Disruptor  
  142  11:39  Stalker x3  
  147  12:13  Stalker x3  
  147  12:14  Dark Templar x2  
Tags
 
Add a new tag
Caveats
  • Supply blocks, unpowered buildings, or Contaminate may cause inaccurate times.
  • Supply counts are checked every 10 seconds.